AoeStats
← rcknr

Pilgrims

508953296Analyzed
2v2 RM · 7d ago on Sep 24, 2026· 113m 51s· 4 players
Game mode
Random Map
Map size
Medium (4 player)
Population
200
Speed
Normal
Resources
Standard
Victory
Conquest
Starting age
Dark Age
Ending age
Imperial Age
RankedLock teamsTeams togetherTeam positionsShared explorationLock speedFull tech treeHidden civsTurbo modeCheats
Victory
Defeat
🇩🇪 Vikings · Germany
929
+39
🇩🇪 Ethiopians · Germany
856
+29
🇩🇪 Italians · Germany
894
-16
🇩🇪 Varangians · Germany
825
-13
GShock206607
4:48 Loom
18:56 Feudal Age
20:03 Town Watch
20:54 Wheelbarrow
20:10 Fishing Lines
20:29 Arson
21:15 Scale Mail Armor
21:23 Man-at-Arms
22:20 Double-Bit Axe
22:30 Horse Collar
28:56 Castle Age
29:30 Gillnets
31:19 Medium Warships
32:15 Squires
31:36 Pikeman
31:37 Long Swordsman
32:02 Gambesons
36:22 Ballistics
35:53 Heated Shot
35:53 Guard Tower
36:14 Fortified Wall
35:59 Murder Holes
35:45 Treadmill Crane
36:15 Masonry
42:12 Forging
42:17 Chain Mail Armor
42:08 Scale Barding Armor
42:03 Padded Archer Armor
41:54 Fletching
46:31 Imperial Age
50:19 Imperial Age
50:24 Siphons
56:40 Two-Handed Swordsman
62:59 Heavy Warships
69:17 Iron Casting
68:44 Padded Archer Armor
68:34 Fletching
68:51 Scale Barding Armor
71:04 Capped Ram
73:56 Heavy Scorpion
75:59 Siege Ram
79:41 Bow Saw
80:12 Elite Longship
81:29 Clinker Construction
87:58 Elite Jarl
91:48 Elite Varangian Guard
Pixelpirat79_Chris
10:21 Feudal Age
13:16 Fletching
19:13 Castle Age
17:38 Padded Archer Armor
19:58 Loom
28:06 Bodkin Arrow
34:43 Double-Bit Axe
40:58 Imperial Age
44:14 Bracer
47:14 Ballistics
47:04 Gold Mining
46:42 Elite Genoese Crossbowman
47:49 Leather Archer Armor
55:35 Chemistry
57:05 Bow Saw
62:23 Wheelbarrow
61:34 Town Watch
64:04 Hand Cart
66:04 Medium Warships
79:35 Pikeman
80:15 Squires
81:29 Elite Skirmisher
87:21 Horse Collar
97:40 Man-at-Arms
felix.bartesch
11:52 Feudal Age
10:21 Loom
12:21 Town Watch
14:42 Double-Bit Axe
18:02 Man-at-Arms
18:52 Gold Mining
18:59 Stone Mining
22:00 Arson
33:52 Horse Collar
40:09 Forging
40:00 Scale Mail Armor
39:50 Fletching
40:01 Padded Archer Armor
40:07 Scale Barding Armor
43:18 Castle Age
44:03 Town Patrol
44:55 Iron Casting
45:36 Bow Saw
46:12 Elite Skirmisher
47:42 Heavy Plow
60:37 Light Cavalry
61:48 Pikeman
64:19 Squires
74:05 Long Swordsman
75:32 Leather Archer Armor
78:48 Chain Mail Armor
78:54 Chain Barding Armor
80:54 Bodkin Arrow
82:34 Chieftains
82:45 Chieftains
86:42 Imperial Age
84:55 Gold Shaft Mining
88:43 Blast Furnace
88:14 Plate Mail Armor
87:45 Bracer
88:15 Ring Archer Armor
90:48 Two-Man Saw
90:38 Cavalier
91:47 Conscription
92:04 Hoardings
95:02 Elite Berserk
97:19 Elite Longship
99:42 Capped Ram
101:50 Siege Ram
107:34 Medium Warships
rcknr
9:46 Loom
12:00 Feudal Age
12:37 Double-Bit Axe
14:34 Forging
14:26 Fletching
17:06 Scale Barding Armor
21:22 Castle Age
20:02 Wheelbarrow
19:31 Padded Archer Armor
19:32 Scale Mail Armor
20:38 Gold Mining
21:46 Crossbowman
23:10 Bow Saw
23:00 Bodkin Arrow
23:27 Chain Barding Armor
23:53 Medium Warships
34:40 Horse Collar
35:20 Fishing Lines
39:16 Hand Cart
39:13 Heavy Plow
39:26 Town Watch
41:22 Thumb Ring
42:03 Leather Archer Armor
45:23 Imperial Age
45:05 Ballistics
44:41 Murder Holes
46:20 Town Patrol
47:27 Chemistry
48:57 Light Cavalry
51:44 Arbalester
59:36 Iron Casting
59:02 Bracer
64:32 Coinage
64:57 Hussar
70:07 Conscription
75:33 Two-Man Saw
74:54 Elite Skirmisher
82:52 Blast Furnace
82:23 Ring Archer Armor
82:53 Husbandry
107:06 Spies/Treason
Connection lost

Rejoining the realm…

Still unreachable

The connection could not be restored.

Session expired

The server has moved on; the page needs a fresh start.